Map: 破晓之战 - 天梯版 (虚空)

Players

Stephano - Winner!

  • Race: Zerg Zerg
  • Spawn Location: 1:00

iGXY (XY)

  • Race: Terran Terran
  • Spawn Location: 7:00

Event: WESG 2016 Finals

VOD

Have the link to the VOD?

Description

Time

  • Played on: Jan. 12, 2017, 12:50 a.m.
  • Length: 25:07

All games in this series

Show
View Real Time Build Order
Export as new Build Order

Stephano Zerg - Winner!

Build Orders: Hatch First 

Get SALT Encoding   

  12  0:00  Drone  
  13  0:12  Overlord  
  13  0:17  Drone  
  14  0:30  Drone x2  
  14  0:34  Drone  
  17  0:52  Hatchery  
  17  0:55  Drone  
  17  0:58  Drone  
  18  1:12  Spawning Pool  
  18  1:15  Drone  
  18  1:18  Drone  
  19  1:28  Drone  
  20  1:42  Hatchery  
  20  1:43  Drone  
  20  2:01  Zergling x4  
  20  2:03  Queen  
  20  2:08  Queen  
  26  2:10  Drone  
  26  2:15  Overlord  
  27  2:18  Drone  
  28  2:35  Drone x3  
  31  2:37  Drone  
  31  2:38  Queen  
  31  2:43  Queen  
  36  2:48  Overlord  
  36  2:54  Drone x2  
  36  2:57  Extractor x2  
  36  3:01  Queen  
  36  3:03  Drone  
  40  3:05  Drone  
  40  3:10  Drone  
  41  3:14  Drone x2  
  41  3:16  Drone x2  
  45  3:20  Drone x2  
  45  3:24  Drone  
  45  3:26  Overlord  
  48  3:32  Evolution Chamber  
  47  3:35  Evolution Chamber  
  47  3:37  Drone  
  47  3:39  Extractor  
  47  3:40  Overlord  
  46  3:51  Roach Warren  
  46  3:53  Zergling x2  
  46  3:54  Zergling x2  
  47  3:57  Zergling x4  
  47  4:00  Overlord  
  47  4:03  Drone  
  48  4:11  Drone x2  
  48  4:13  Drone x3  
  53  4:18  Zerg Missile Weapons Level 1  
  53  4:23  Zerg Ground Armor Level 1  
  53  4:32  Roach x2  
  53  4:33  Roach  
  53  4:35  Roach  
  53  4:37  Roach  
  63  4:39  Drone  
  64  4:48  Drone x5  
  64  4:51  Roach  
  71  4:55  Overlord  
  71  4:58  Drone x2  
  73  5:02  Spore Crawler  
  72  5:09  Drone x2  
  72  5:11  Overlord x2  
  74  5:15  Lair  
  74  5:19  Drone x2  
  74  5:21  Drone  
  77  5:23  Overlord  
  77  5:29  Overlord  
  77  5:31  Ravager x4, Roach  
  85  5:35  Roach  
  85  5:39  Roach x2  
  85  5:42  Roach  
  91  5:45  Roach  
  91  5:46  Overlord x2  
  93  5:50  Roach  
  93  5:51  Drone  
  95  5:59  Roach x3  
  88  6:05  Roach x2  
  88  6:08  Roach  
  80  6:15  Drone x6  
  72  6:19  Drone x2  
  72  6:20  Queen  
  72  6:24  Queen  
  72  6:25  Glial Reconstitution  
  76  6:28  Drone x2  
  76  6:30  Extractor  
  76  6:31  Extractor  
  76  6:33  Ravager  
  76  6:36  Drone x3  
  76  6:37  Drone  
  81  6:44  Drone x2  
  81  6:45  Drone, Extractor  
  81  6:46  Overseer  
  83  6:49  Drone  
  83  6:50  Drone  
  85  6:58  Drone x2  
  85  6:59  Drone  
  85  7:00  Drone x2  
  90  7:03  Zerg Ground Armor Level 2  
  90  7:08  Hatchery  
  89  7:09  Overlord  
  89  7:14  Roach x3  
  95  7:16  Roach  
  95  7:19  Zerg Missile Weapons Level 2  
  97  7:29  Drone x3  
  96  7:35  Roach x5  
  108  7:37  Ravager x2  
  108  7:40  Roach x2  
  108  7:43  Queen  
  114  7:46  Queen  
  114  7:49  Overlord  
  116  7:52  Overlord  
  116  7:57  Roach  
  116  7:58  Roach x2  
  122  8:05  Overlord x2  
  122  8:15  Roach x3  
  122  8:17  Ravager x4  
  122  8:18  Ravager  
  133  8:20  Roach  
  133  8:22  Hatchery  
  133  8:24  Roach x2  
  133  8:26  Roach  
  140  8:28  Drone x2  
  140  8:30  Roach  
  144  8:34  Roach x2  
  144  8:36  Overlord  
  144  8:40  Ravager x3  
  151  8:41  Overseer  
  151  8:47  Roach  
  153  8:48  Overlord x2  
  153  8:53  Infestation Pit  
  152  8:58  Roach x4  
  160  9:03  Roach  
  160  9:08  Extractor  
  160  9:09  Roach x3  
  171  9:10  Roach x3  
  171  9:13  Ravager, Extractor  
  173  9:23  Drone x5  
  156  9:50  Roach x7  
  156  9:51  Roach x3  
  149  9:57  Roach  
  149  9:58  Roach x3  
  149  9:59  Ravager x6  
  159  10:03  Roach x2  
  163  10:08  Drone  
  161  10:26  Roach x6  
  161  10:27  Roach  
  157  10:30  Roach  
  157  10:31  Roach  
  157  10:34  Roach  
  157  10:35  Roach x2  
  163  10:46  Roach  
  163  10:47  Roach x10  
  175  10:53  Pneumatized Carapace  
  153  11:00  Ravager x2  
  153  11:01  Drone x4, Ravager x2  
  159  11:13  Roach x9  
  159  11:14  Roach x2, Hatchery  
  180  11:29  Drone x2  
  182  11:43  Overlord x2  
  182  11:44  Overlord  
  182  11:46  Hive  
  182  11:47  Ravager x2  
  182  11:53  Burrow  
  182  11:54  Tunneling Claws  
  184  11:58  Spine Crawler  
  183  12:12  Hatchery  
  182  12:23  Overlord x2  
  182  12:27  Overlord  
  182  12:32  Drone x6  
  182  12:33  Drone, Hatchery  
  188  12:50  Ravager  
  188  12:51  Ravager x3  
  185  13:05  Viper x2  
  177  13:07  Zerg Ground Armor Level 3, Zerg Missile Weapons Level 3  
  157  13:37  Roach x7  
  157  13:40  Roach  
  157  13:41  Roach x8  
  167  14:04  Roach  
  167  14:05  Roach x14  
  167  14:08  Roach x3  
  185  14:15  Roach x11  
  185  14:16  Roach x4  
  169  14:28  Roach x13  
  183  14:37  Ravager x9, Extractor x2  
  183  14:38  Ravager x10  
  200  14:47  Spire  
  200  14:51  Spine Crawler x2  
  200  14:52  Spine Crawler  
  196  14:53  Ravager x3  
  196  14:54  Ravager  
  196  14:56  Overseer  
  200  15:00  Spine Crawler  
  200  15:05  Drone  
  200  15:14  Spine Crawler  
  200  15:15  Spore Crawler  
  200  15:16  Spore Crawler x2, Spine Crawler  
  200  15:19  Spore Crawler  
  194  15:22  Drone x4  
  194  15:23  Drone x2  
  200  15:42  Overseer x3  
  200  15:44  Zerg Melee Weapons Level 1  
  200  15:46  Spine Crawler, Extractor  
  200  15:47  Drone x2  
  200  16:00  Roach x12  
  197  16:14  Roach x4, Viper  
  197  16:17  Greater Spire  
  197  16:18  Spire  
  142  16:50  Viper  
  142  16:51  Viper x2  
  142  16:52  Corruptor x10  
  165  17:01  Extractor  
  164  17:08  Roach x12  
  187  17:31  Brood Lord x4  
  187  17:32  Brood Lord  
  187  17:35  Brood Lord  
  197  18:08  Zerg Flyer Weapons Level 1, Zerg Flyer Armor Level 1  
  195  18:13  Roach  
  195  18:14  Roach  
  195  18:23  Corruptor x2  
  199  18:29  Zerg Melee Weapons Level 2  
  183  18:41  Corruptor x7  
  195  18:59  Queen  
  166  19:32  Brood Lord x3  
  166  19:33  Brood Lord  
  174  19:42  Ravager  
  175  19:49  Hatchery  
  157  20:22  Ravager, Roach x2  
  157  20:23  Roach x4  
  157  20:28  Extractor  
  169  20:39  Spore Crawler x3  
  169  20:42  Hatchery  
  165  20:52  Roach x10  
  165  20:56  Queen x2  
  165  20:57  Queen  
  188  21:12  Queen  
  186  21:26  Spore Crawler, Roach x13  
  186  21:27  Extractor  
  186  21:32  Queen x3  
  182  21:36  Roach x6  
  200  21:41  Roach x5  
  200  21:44  Roach x2  
  200  21:48  Queen  
  167  22:20  Roach  
  167  22:21  Roach x16  
  187  22:37  Roach x17  
  173  22:38  Roach x3  
  173  22:39  Roach x2  
  173  22:40  Brood Lord  
  131  23:15  Queen x3  
  131  23:17  Queen  
  114  23:22  Brood Lord x2  
  114  23:29  Roach  
  114  23:33  Hatchery  
  115  23:41  Brood Lord  
  115  23:50  Brood Lord, Queen  
  115  23:51  Queen x2  
  115  23:53  Queen  
  125  24:01  Brood Lord  
  127  24:15  Queen  
  129  24:23  Roach x3  
  129  24:26  Queen x3  
  129  24:28  Brood Lord, Queen  
  139  24:33  Spine Crawler  
  139  24:34  Spine Crawler x2  
  136  24:48  Roach  
  136  24:49  Hatchery  
Show
View Real Time Build Order
Export as new Build Order

iGXY Terran 

Build Orders: Hellion Opening, Reaper Expand 

Get SALT Encoding   

  12  0:00  SCV  
  13  0:13  SCV  
  14  0:17  Supply Depot  
  14  0:25  SCV  
  15  0:29  Refinery  
  15  0:39  SCV  
  16  0:45  Barracks  
  16  0:51  SCV  
  17  1:03  SCV  
  18  1:15  SCV  
  19  1:31  Orbital Command, Reaper  
  20  1:44  Command Center  
  20  1:54  Factory  
  20  1:58  SCV  
  21  2:06  Barracks Reactor  
  21  2:08  Supply Depot  
  21  2:12  SCV  
  22  2:17  Refinery  
  22  2:24  SCV  
  23  2:36  SCV  
  24  2:44  Armory  
  24  2:46  Hellion x2  
  24  2:48  SCV  
  29  2:55  Orbital Command  
  29  3:00  SCV  
  30  3:07  Hellion  
  30  3:11  Hellion  
  34  3:13  SCV  
  35  3:21  SCV  
  35  3:24  Factory  
  36  3:29  Barracks Reactor  
  36  3:30  SCV  
  37  3:37  SCV  
  38  3:41  Terran Vehicle Weapons Level 1  
  38  3:42  Supply Depot  
  38  3:43  SCV  
  39  3:51  SCV  
  40  3:58  Hellion x5, SCV  
  40  3:59  Hellion  
  45  4:03  SCV  
  45  4:04  Supply Depot  
  46  4:10  SCV  
  46  4:15  SCV  
  46  4:17  Supply Depot  
  48  4:19  Cyclone x2  
  54  4:26  SCV, Cyclone  
  54  4:29  Supply Depot  
  58  4:32  SCV  
  60  4:38  SCV  
  60  4:40  Supply Depot  
  60  4:42  Cyclone  
  60  4:44  SCV  
  64  4:50  SCV  
  64  4:52  Hellion x2  
  70  5:02  Cyclone  
  74  5:08  Command Center  
  74  5:09  SCV  
  74  5:11  SCV  
  74  5:17  Refinery  
  74  5:18  Refinery  
  74  5:21  SCV  
  74  5:23  SCV  
  74  5:24  Hellion x2  
  80  5:31  Supply Depot  
  80  5:34  SCV  
  81  5:35  SCV  
  81  5:36  Terran Vehicle Weapons Level 2  
  82  5:44  Hellion x2  
  86  5:52  SCV x2, Supply Depot  
  86  5:54  Supply Depot  
  86  6:02  Cyclone  
  86  6:03  Hellion  
  80  6:05  SCV x2  
  80  6:11  Hellion, Cyclone  
  80  6:17  SCV x2  
  72  6:24  Cyclone, Orbital Command  
  72  6:32  Cyclone  
  75  6:34  Cyclone  
  78  6:43  SCV x2, Cyclone  
  83  6:48  Refinery  
  83  6:49  Refinery  
  83  6:55  SCV, Armory  
  83  6:56  SCV x2  
  83  6:57  Hellion  
  88  7:05  Factory  
  88  7:07  Cyclone  
  88  7:08  SCV x2  
  93  7:11  SCV  
  94  7:20  SCV x2, Factory  
  96  7:23  Factory, SCV  
  96  7:28  Cyclone  
  98  7:32  SCV  
  99  7:37  SCV x2  
  99  7:39  Cyclone x2  
  99  7:41  Supply Depot  
  107  7:44  SCV  
  107  7:49  SCV, Terran Vehicle And Ship Armor Level 1  
  107  7:50  Hellion x2  
  113  8:00  Terran Vehicle Weapons Level 3  
  113  8:01  Hellion  
  116  8:11  Hellion x2  
  116  8:12  Hellion  
  124  8:13  Factory Tech Lab x2  
  124  8:14  Factory Tech Lab  
  124  8:16  SCV x2  
  122  8:20  Command Center  
  122  8:22  Cyclone  
  122  8:24  SCV  
  126  8:28  SCV  
  133  8:36  Hellion, Supply Depot  
  133  8:37  Hellion  
  133  8:38  Cyclone  
  133  8:39  Supply Depot, Siege Tank  
  137  8:45  Siege Tank  
  137  8:47  Siege Tank  
  137  8:56  SCV, Engineering Bay  
  137  8:57  SCV  
  137  9:02  Supply Depot x2  
  139  9:03  Hellion  
  140  9:11  Command Center, Siege Tank  
  140  9:14  Cyclone  
  140  9:16  Barracks  
  140  9:17  Siege Tank  
  149  9:19  Siege Tank  
  149  9:21  Hellion  
  149  9:22  Hellion  
  156  9:25  Supply Depot  
  156  9:27  Supply Depot  
  156  9:28  Supply Depot  
  154  9:37  Supply Depot  
  154  9:38  Supply Depot  
  154  9:45  Cyclone x2  
  147  9:47  Thor  
  147  9:48  Thor  
  147  9:51  SCV x2  
  139  9:56  SCV  
  139  9:59  Siege Tank  
  134  10:04  SCV  
  137  10:07  Hellion  
  137  10:19  Missile Turret  
  137  10:20  Terran Vehicle And Ship Armor Level 2  
  137  10:23  Missile Turret  
  137  10:25  Hellion  
  125  10:30  Siege Tank  
  125  10:31  Missile Turret, Siege Tank  
  125  10:32  Orbital Command  
  130  10:36  Siege Tank  
  130  10:38  Hellion x3  
  135  10:55  Hellion  
  119  11:02  Siege Tank  
  119  11:04  Siege Tank  
  125  11:10  Siege Tank  
  128  11:22  Hellion x2  
  132  11:31  Missile Turret  
  132  11:34  Cyclone, Siege Tank  
  132  11:37  Siege Tank  
  132  11:39  Cyclone  
  144  11:44  Supply Depot x2  
  138  11:53  Siege Tank  
  141  11:59  Supply Depot  
  141  12:00  Supply Depot  
  141  12:03  Missile Turret x2  
  141  12:06  Siege Tank  
  144  12:11  Barracks  
  144  12:23  Thor  
  144  12:25  Cyclone x2, Siege Tank  
  159  12:31  Supply Depot  
  159  12:34  Supply Depot  
  159  12:40  Terran Vehicle And Ship Armor Level 3  
  156  12:59  Thor  
  160  13:06  Missile Turret  
  160  13:09  Missile Turret  
  160  13:11  Refinery x2  
  157  13:14  Siege Tank x2  
  156  13:31  Supply Depot  
  149  13:37  Starport  
  149  13:42  Siege Tank  
  149  13:43  Planetary Fortress, Missile Turret  
  152  13:52  Siege Tank  
  155  13:56  Refinery  
  155  13:57  Refinery  
  149  14:02  Siege Tank  
  136  14:12  Hellion x2  
  136  14:14  Hellion, Siege Tank  
  140  14:18  Hellion  
  137  14:24  SCV x2  
  137  14:25  SCV  
  137  14:31  Starport Reactor  
  140  14:36  SCV  
  140  14:37  SCV x2  
  143  14:49  SCV  
  144  14:56  Cyclone  
  147  15:07  Viking  
  147  15:11  Missile Turret  
  149  15:19  Viking  
  151  15:23  Terran Ship Weapons Level 1  
  151  15:24  SCV  
  152  15:31  Missile Turret  
  152  15:40  Missile Turret  
  144  15:44  Viking  
  144  15:45  Missile Turret  
  146  15:50  Viking  
  148  15:59  Cyclone x2  
  148  16:13  Siege Tank  
  148  16:14  Viking  
  147  16:20  Viking  
  147  16:23  Missile Turret  
  147  16:24  Cyclone  
  147  16:27  Cyclone  
  143  16:34  Cyclone  
  147  16:40  SCV x3  
  146  16:51  Viking  
  142  16:59  Siege Tank  
  145  17:05  Viking  
  147  17:21  Viking  
  149  17:30  Siege Tank  
  149  17:31  Siege Tank  
  149  17:35  Viking  
  149  17:36  Siege Tank  
  160  17:45  Orbital Command  
  151  18:01  Hellion  
  151  18:03  Siege Tank x2  
  156  18:08  Siege Tank  
  159  18:20  Cyclone x2  
  159  18:21  Cyclone  
  168  18:39  Viking x2  
  149  18:53  Thor  
  149  18:54  Thor  
  148  19:21  Viking x2  
  152  19:33  Orbital Command  
  152  19:38  Thor  
  152  19:45  Refinery  
  152  19:46  Refinery  
  143  20:13  Viking x2  
  129  20:15  SCV x2  
  129  20:16  SCV  
  130  20:25  Thor  
  138  20:37  Thor  
  136  20:51  Thor  
  142  21:10  Viking  
  134  21:15  Viking  
  132  21:38  Thor  
  136  21:52  Viking  
  122  22:15  Thor  
  79  22:42  Cyclone  
  40  23:29  Thor, Orbital Command  
  46  23:37  SCV  
  47  23:49  SCV  
  48  23:57  SCV  
  48  24:01  SCV  
  49  24:09  SCV  
  49  24:18  SCV  
  49  24:21  SCV  
  51  24:30  SCV  
  52  24:34  SCV  
  59  24:42  SCV  
Tags
 
Add a new tag
Caveats
  • Supply blocks, unpowered buildings, or Contaminate may cause inaccurate times.
  • Supply counts are checked every 10 seconds.